 Dungeon Sprint DCSS version 0.31.0-32-g396128a36d (webtiles) character file.

Game seed: 17099613139534649661

19654 Groucho the Eclecticist (level 12, -2/67 HPs)
             Began as a Spriggan Enchanter on Mar 22, 2024.
             Was the Champion of Dithmenos.
             Killed from afar by a fire giant (16 damage)
             ... with a fireball
             ... in the Dungeon (Sprint I: "Red Sonja").
             The game lasted 00:20:36 (6431 turns).

Groucho the Eclecticist (Spriggan Enchanter)        Turns: 6431, Time: 00:20:37

Health: -2/67      AC:  5    Str:  4      XL:     12   Next: 38%
Magic:  21/33      EV: 28    Int: 19 (20) God:    Dithmenos [******]
Gold:   1863       SH:  5    Dex: 17      Spells: 25/44 levels left

rFire   + . .        m - +4 dagger (venom)
rCold   . . .        (no shield)
rNeg    . . .        t - +0 robe {rF+}
rPois   .            l - +1 hat
rElec   .            q - +1 cloak {Will+}
rCorr   .            (gloves unavailable)
SInv    +            (boots unavailable)
Will    +++..        u - amulet of reflection Stlth **++++++++
                     v - ring of flight
HPRegen 0.31/turn    (no ring)
MPRegen 0.23/turn

%: no teleportation, reflection
@: flying, wreathed by umbra, very quick
A: very small, no large weapons, unfitting armour, see invisible, speed 3,
deterioration 1
a: Renounce Religion, Shadow Step, Shadow Form


You were in the Dungeon.
You worshipped Dithmenos.
Dithmenos was exalted by your worship.
You visited 1 branch You collected 3211 gold pieces.
You spent 1348 gold pieces at shops.

Inventory:

Hand Weapons
 k - a +1 dagger of venom
 m - a +4 dagger of venom (weapon)
Armour
 i - the +5 moon troll leather armour {Spirit, Regen++ MP+5}
   (You found it in the Dungeon)

   MP+5:      It affects your magic capacity (+5).
   Regen++:   It increases your rate of health regeneration.
 l - a +1 hat (worn)
 q - a +1 cloak of willpower (worn)
 t - a +0 robe of fire resistance (worn)
Jewellery
 u - an amulet of reflection (around neck)
 v - a ring of flight (left hand)
Wands
 h - a wand of mindburst (21)
 s - a wand of polymorph (3)
Scrolls
 j - a scroll of revelation {unknown}
 n - a scroll of identify
 w - a scroll of vulnerability {unknown}
Potions
 a - a potion of brilliance
 b - a potion of attraction {unknown}
 c - 2 potions of invisibility
 d - 3 potions of curing
 f - a potion of haste
 g - 3 potions of magic
 o - a potion of degeneration {unknown}
 p - a potion of resistance {unknown}
 r - 2 potions of enlightenment


   Skills:
 - Level 10.0 Fighting
 - Level 10.0 Short Blades
 - Level 15.0 Dodging
 - Level 16.0 Stealth
 + Level 16.9 Spellcasting
 * Level 9.1 Conjurations
 - Level 14.0 Hexes
 + Level 10.0 Earth Magic
 * Level 7.2 Alchemy
 + Level 5.4 Shapeshifting


You had 25 spell levels left.
You knew the following spells:

 Your Spells              Type           Power      Damage    Failure   Level
a - Ensorcelled Hibernat  Hex/Ice        84%        N/A       1%          2
b - Confusing Touch       Hex            62%        N/A       1%          3
c - Dazzling Flash        Conj/Hex       100%       N/A       1%          3
d - Stone Arrow           Conj/Erth      100%       3d13      1%          3
e - Passwall              Erth           52%        N/A       1%          3
f - Irradiate             Conj/Alch      23%        3d19      3%          5

Your spell library contained the following spells:

 Spells                   Type           Power      Damage    Failure   Level
 Sandblast                Erth           100%       2d20      1%          1
 Inner Flame              Hex/Fire       42%        N/A       1%          3
 Tukima's Dance           Hex            62%        N/A       1%          3
 Brom's Barrelling Bould  Conj/Erth      51%        2d7       1%          4
 Ignition                 Fire           8%         3d5       100%        8


Dungeon Overview and Level Annotations

Branches:
Dungeon (1/1)

Altars:
Cheibriados
Dithmenos
Elyvilon
Fedhas
Gozag
Hepliaklqana
Kikubaaqudgha
Makhleb
Nemelex Xobeh
Okawaru
Qazlal
Ru
Sif Muna
Trog
Uskayaw
Vehumet
Wu Jian
Xom
Yredelemnul
Zin
The Shining One
Jiyva
Lugonu

Shops:
D (?=((([([*[!*:!*[[([:=


Innate Abilities, Weirdness & Mutations

You are very small and have problems with some larger weapons.
You are too small for most types of armour.
You have supernaturally acute eyesight. (SInv)
You cover ground extremely quickly. (Speed+++)
Your body sometimes deteriorates upon taking damage.


Message History

Casting: Dazzling Flash (safe; 1% risk of failure)
Press: ? - help, Dir - look around, f - activate The fire giant is dazzled.
The fire giant completely misses you.
Unknown command.
Unknown command.
Unknown command.
You hit the fire giant but do no damage.
The fire giant is poisoned.
The fire giant is lightly wounded.
Unknown command.
You barely miss the fire giant.
The fire giant is lightly wounded.
Your shadow hits the fire giant but does no damage.
The fire giant barely misses you.
Unknown command.
Unknown command.
Unknown command.
You completely miss the fire giant.
The fire giant is lightly wounded.
Your shadow hits the fire giant but does no damage.
Unknown command.
Unknown command.
You barely miss the fire giant.
The fire giant is lightly wounded.
Your shadow hits the fire giant with a dagger.
The fire giant completely misses you.
Unknown command.
Unknown command.
Unknown command.
You barely miss the fire giant.
The fire giant is lightly wounded.
Unknown command.
Unknown command.
You catch the helpless fire giant completely off-guard!
You skewer the fire giant like a kebab!!!
The fire giant looks as sick as possible!
The fire giant is severely wounded.
The fire giant gestures at you while chanting.
The fireball explodes!
The fireball engulfs you! You resist.
You die...

# #..###$#
###§##..§#
# ##.#A#$#
#.####§#
###
#..###$#
##'#...§#
'.#
#.##..$#
##.§.§§.§.
#.#
#..#+###
#.§§§.§§§§
#.# ##.§§#
##§....§§§§
#.# ###§#
#.....[...§
#.# #§#
#..........
'.# #@#
##.........
#.# ####C#
#.........
#§# #..§.#
##........
'.#
#...####
##...([[#
### ..C.#
########
###


You could see a fire giant (blind, unable to see you, extremely poisoned).

Vanquished Creatures
  A golden dragon (D)
  A shadow dragon (D)
  A fire giant (D)
  A hydra (D)
  2 centaur warriors (D)
  4 demonic crawlers (D)
  Sonja (D)
  A deep troll (D)
  A lindwurm (D)
  8 shining eyes (D)
  An oklob plant (D)
  2 kobold demonologists (D)
  7 unseen horrors (D)
  A hornet (D)
  7 glass eyes (D)
  Sigmund (D)
  A slime creature (D)
  A yak (D)
  13 hogs (D)
  2 redbacks (D)
  An ogre (D)
  7 necrophages (D)
  8 jellies (D)
  Ijyb (D)
  A ballistomycete spore (D)
75 creatures vanquished.

Vanquished Creatures (others)
  A gargoyle (D)
  A ballistomycete spore (D)
2 creatures vanquished.

Grand Total: 77 creatures vanquished

Notes
Turn   | Place    | Note
-------+----------+-------------------------------------------
     0 | D        | Groucho the Spriggan Enchanter began the quest for the Orb.
     0 | D        | Reached XP level 1. HP: 9/9 MP: 5/5
     2 | D        | Noticed Ijyb
     8 | D        | Killed Ijyb
     9 | D        | Reached skill level 5 in Hexes
     9 | D        | Reached XP level 2. HP: 12/13 MP: 6/8
    50 | D        | Noticed an ogre
    62 | D        | Learned a level 2 spell: Ensorcelled Hibernation
    69 | D        | Killed an ogre
    70 | D        | Reached XP level 3. HP: 16/16 MP: 6/11
    70 | D        | Reached XP level 4. HP: 21/21 MP: 7/13
   349 | D        | Noticed Sigmund
   351 | D        | Killed Sigmund
   352 | D        | Reached XP level 5. HP: 24/24 MP: 14/16
   352 | D        | Reached XP level 6. HP: 28/28 MP: 14/17
   374 | D        | Found a shimmering blue altar of Sif Muna.
   375 | D        | Found an ornate altar of the Wu Jian Council.
   376 | D        | Found a radiant altar of Vehumet.
   415 | D        | Found Godeshre's Antique Weapon Emporium.
   415 | D        | Found an ancient bone altar of Kikubaaqudgha.
   415 | D        | Found a hazy altar of Hepliaklqana.
   415 | D        | Found a stormy altar of Qazlal.
   415 | D        | Found a hide-covered altar of Uskayaw.
   415 | D        | Found a blossoming altar of Fedhas.
   415 | D        | Found a bloodstained altar of Trog.
   415 | D        | Found an iron altar of Okawaru.
   415 | D        | Found a basalt altar of Yredelemnul.
   415 | D        | Found a glowing golden altar of the Shining One.
   415 | D        | Found a snail-covered altar of Cheibriados.
   415 | D        | Found a sacrificial altar of Ru.
   415 | D        | Found a glowing silver altar of Zin.
   415 | D        | Found a shadowy altar of Dithmenos.
   415 | D        | Found a white marble altar of Elyvilon.
   415 | D        | Noticed a yak
   416 | D        | Found an opulent altar of Gozag.
   417 | D        | Killed a yak
   418 | D        | Found a sparkling altar of Nemelex Xobeh.
   442 | D        | Became a worshipper of Dithmenos the Shadowed
   457 | D        | Found a viscous altar of Jiyva.
   457 | D        | Found a corrupted altar of Lugonu.
   457 | D        | Noticed a slime creature
   458 | D        | Found a burning altar of Makhleb.
   458 | D        | Found a shimmering altar of Xom.
   460 | D        | Killed a slime creature
   461 | D        | Reached skill level 1 in Fighting
   461 | D        | Reached XP level 7. HP: 34/34 MP: 21/21
   484 | D        | Noticed Sonja
   488 | D        | Killed Sonja
   489 | D        | Reached skill level 5 in Short Blades
   489 | D        | Reached skill level 10 in Spellcasting
   489 | D        | Reached XP level 8. HP: 42/42 MP: 21/23
   505 | D        | Noticed a deep troll
   509 | D        | Killed a deep troll
   509 | D        | Reached * piety under Dithmenos
   519 | D        | Found Conoaru's Armour Emporium.
   848 | D        | Noticed a centaur warrior
   852 | D        | Noticed a centaur warrior
   853 | D        | Killed a centaur warrior
   854 | D        | Reached skill level 5 in Fighting
   854 | D        | Reached XP level 9. HP: 47/47 MP: 24/26
   854 | D        | Killed a centaur warrior
   855 | D        | Reached skill level 10 in Dodging
   869 | D        | Learned a level 3 spell: Confusing Touch
   873 | D        | Learned a level 3 spell: Dazzling Flash
   876 | D        | Reached ** piety under Dithmenos
   887 | D        | Noticed an oklob plant
   889 | D        | Killed an oklob plant
   920 | D        | Reached *** piety under Dithmenos
   927 | D        | Noticed an unseen horror
   928 | D        | Noticed an unseen horror
   932 | D        | Killed an unseen horror
   933 | D        | Reached XP level 10. HP: 55/55 MP: 25/28
  1177 | D        | Reached **** piety under Dithmenos
  1199 | D        | Reached ***** piety under Dithmenos
  1340 | D        | Found the +5 moon troll leather armour {Spirit, Regen++
                  | MP+5}
  1344 | D        | Reached skill level 10 in Short Blades
  1353 | D        | Identified the +1 morningstar "Reudeg" {drain, rN++ Stlth+}
  1363 | D        | Identified the +6 gold dragon scales of the Silversmith
                  | {rPois rF+ rC+ Str+6 Dex-2}
  1383 | D        | Found Fedap's Weapon Shoppe.
  1383 | D        | Found Ulaeluof's Armour Shop.
  1383 | D        | Found Xoddon's Armour Boutique.
  1385 | D        | Found Sover's General Store.
  1385 | D        | Found Ben Tenuth's Antique Armour Shop.
  1385 | D        | Found Movut's Distillery.
  1385 | D        | Found Xelur's Assorted Antiques.
  1385 | D        | Found Koudapp's Book Emporium.
  1385 | D        | Found Bosonix's Distillery.
  1385 | D        | Found Erivule Asay's Assorted Antiques.
  1389 | D        | Found Wafuad's Armour Boutique.
  1390 | D        | Found Fuprinixt's Antique Weapon Emporium.
  1390 | D        | Found Tojujere's Antique Armour Boutique.
  1391 | D        | Bought an embroidered cloak for 157 gold pieces
  1391 | D        | Found Kotout's Book Emporium.
  1409 | D        | Bought a book of Geomancy for 420 gold pieces
  1413 | D        | Learned a level 3 spell: Stone Arrow
  1438 | D        | Learned a level 3 spell: Passwall
  1450 | D        | Bought a potion of enlightenment for 50 gold pieces
  1476 | D        | Found Azulak's Weapon Boutique.
  1531 | D        | Bought a worn lead wand for 120 gold pieces
  1617 | D        | Reached skill level 1 in Earth Magic
  1619 | D        | Reached skill level 1 in Conjurations
  1621 | D        | Reached ****** piety under Dithmenos
  1624 | D        | Noticed a demonic crawler
  1624 | D        | Noticed a demonic crawler
  1624 | D        | Noticed a demonic crawler
  1624 | D        | Noticed a demonic crawler
  1960 | D        | Killed a demonic crawler
  1977 | D        | Killed a demonic crawler
  3400 | D        | Noticed a lindwurm
  3402 | D        | Killed a lindwurm
  3419 | D        | Reached skill level 5 in Earth Magic
  3422 | D        | Reached XP level 11. HP: 60/60 MP: 25/30
  3440 | D        | Reached skill level 15 in Spellcasting
  3444 | D        | Reached skill level 5 in Conjurations
  3893 | D        | Noticed a 12-headed hydra
  3895 | D        | Killed a 12-headed hydra
  3969 | D        | Bought a +0 robe of fire resistance for 107 gold pieces
  4099 | D        | Noticed a shadow dragon
  4099 | D        | Noticed a golden dragon
  4104 | D        | Killed a shadow dragon
  4106 | D        | Killed a golden dragon
  4167 | D        | Found Rytt's Jewellery Shoppe.
  4213 | D        | Noticed a daeva
  4225 | D        | Reached skill level 15 in Dodging
  4294 | D        | Bought a book of Spontaneous Combustion for 494 gold pieces
  4300 | D        | Learned a level 5 spell: Irradiate
  4334 | D        | Killed a demonic crawler
  4335 | D        | Reached skill level 1 in Alchemy
  4335 | D        | Reached skill level 1 in Shapeshifting
  4635 | D        | Killed a demonic crawler
  4636 | D        | Reached skill level 10 in Fighting
  4905 | D        | Noticed a shining eye
  4905 | D        | Noticed a shining eye
  4905 | D        | Noticed a shining eye
  4906 | D        | Noticed a shining eye
  4906 | D        | Noticed a shining eye
  4906 | D        | Noticed a shining eye
  4911 | D        | Gained mutation: Your body sometimes deteriorates upon
                  | taking damage. [a shining eye]
  4912 | D        | Killed a shining eye
  4913 | D        | Reached XP level 12. HP: 67/67 MP: 18/33
  5272 | D        | Reached skill level 5 in Alchemy
  6207 | D        | Found Pyox's Antique Weapon Shop.
  6207 | D        | Found Jusiellolay's Magic Scroll Shoppe.
  6207 | D        | Found Rohoegoimo's Antique Weapon Boutique.
  6207 | D        | Found Cuohycw's Jewellery Emporium.
  6297 | D        | Noticed a fire giant
  6316 | D        | Killed a fire giant
  6317 | D        | Reached skill level 10 in Earth Magic
  6317 | D        | Reached skill level 5 in Shapeshifting
  6417 | D        | Noticed a fire giant
  6423 | D        | HP: 2/67 [fire giant/bolt of fire (19)]
  6431 | D        | Killed from afar by a fire giant

Illustrated notes

Levels and vault maps discovered:
D:        dungeon_sprint_1 [red_sonja_temple_1, red_sonja_temple_small_1]

Skill      XL: |  1  2  3  4  5  6  7  8  9 10 11 12 |
---------------+-------------------------------------+-----
Stealth        | 7 11 14 16 | 16.0
Spellcasting   | 4 6 7 9 10 12 13 14 16 | 16.9
Hexes          | 5 6 8 9 11 12 13 14 | 14.0
Fighting       | 1 3 5 7 8 10 | 10.0
Short Blades   | 2 5 7 9 10 | 10.0
Dodging        | 4 6 9 11 13 15 | 15.0
Earth Magic    | 5 9 10 | 10.0
Conjurations   | 4 8 9 |  9.1
Alchemy        | 3 7 |  7.2
Shapeshifting  | 2 5 |  5.4

Action                     |  1- 3 |  4- 6 |  7- 9 | 10-12 || total
---------------------------+-------+-------+-------+-------++-------
  Melee: Dagger            |     5 |     4 |    11 |   113 ||   133
         Punch             |       |       |       |     1 ||     1
   Cast: Ensorcelled Hiber |     1 |       |     1 |    25 ||    27
         Dazzling Flash    |       |       |       |    23 ||    23
         Stone Arrow       |       |       |       |    45 ||    45
         Confusing Touch   |       |       |       |     6 ||     6
         Passwall          |       |       |       |     3 ||     3
  Evoke: Wand              |     1 |       |       |       ||     1
    Use: Potion            |     1 |       |       |     3 ||     4
         Scroll            |       |       |     1 |     1 ||     2
   Stab: Sleeping          |     2 |     4 |    11 |    35 ||    52
         Invisible         |       |       |       |    10 ||    10
         Confused          |       |       |       |     5 ||     5
 Armour: Robe              |     2 |       |     2 |    37 ||    41
  Dodge: Dodged            |     3 |       |       |   136 ||   139
  Block: Other             |       |       |       |     2 ||     2
